 Dungeon Crawl Stone Soup version 0.31.0-4-g52a2dc7128 (webtiles) character file.

Game seed: 15902940144021881940

1081 dialectric the Cudgeller (level 8, -10/67 HPs)
             Began as a Minotaur Fighter on Jan 22, 2024.
             Mangled by a two-headed ogre
             ... wielding a +0 giant club
              (19 damage)
             ... on level 6 of the Dungeon.
             The game lasted 00:05:25 (3730 turns).

dialectric the Cudgeller (Minotaur Fighter)         Turns: 3730, Time: 00:05:25

Health: -10/67     AC:  8    Str: 21    XL:     8   Next: 8%
Magic:  16/16      EV: 12    Int:  5    God:
Gold:   243        SH:  0    Dex: 12    Spells: 7/7 levels left

rFire   . . .        o - +3 whip
rCold   . . .        (no shield)
rNeg    . . .        b - +0 scale mail
rPois   .            (helmet restricted)
rElec   .            v - +0 cloak
rCorr   .            (no gloves)
SInv    .            (no boots)
Will    .....        (no amulet) Stlth
                     e - ring of magical power
HPRegen 0.31/turn    (no ring)
MPRegen 0.15/turn

%: no passive effects
@: hasted, very quick
A: horns 2, retaliatory headbutt
a: no special abilities


You were on level 6 of the Dungeon.
You visited 1 branch of the dungeon, and saw 6 of its levels.
You also visited: Sewer.

You collected 243 gold pieces.

Inventory:

Hand Weapons
 a - a +0 flail
 f - a +0 long sword of flaming
 o - a +3 whip (weapon)
Missiles
 r - 3 throwing nets (quivered)
Armour
 b - a +0 scale mail (worn)
 c - a +0 buckler
 v - a +0 cloak (worn)
Jewellery
 e - a ring of magical power (left hand)
 k - an amulet of magic regeneration
Wands
 w - a wand of flame (12)
Scrolls
 i - a scroll of fear {unknown}
 l - 2 scrolls of teleportation {unknown}
 m - a scroll of revelation {unknown}
 n - a scroll of noise {unknown}
 q - a scroll of poison {unknown}
 s - a scroll of immolation {unknown}
 u - a scroll of fog {unknown}
 x - a scroll of vulnerability {unknown}
Potions
 d - 3 potions of might
 g - 2 potions of brilliance {unknown}
 h - 3 potions of enlightenment {unknown}
 j - a potion of curing
 p - a potion of magic
 t - a potion of haste
 z - a potion of mutation {unknown}
 A - a potion of berserk rage {unknown}
 B - a potion of heal wounds {unknown}
 C - a potion of ambrosia {unknown}


   Skills:
 + Level 4.5 Fighting
 - Level 2.2 Long Blades
 + Level 7.3 Maces & Flails
 + Level 5.6 Armour
 * Level 5.8 Dodging
 - Level 1.0 Stealth
 - Level 3.6 Shields


You had 7 spell levels left.
You didn't know any spells.
Your spell library was empty.

Dungeon Overview and Level Annotations

Branches:
Dungeon (6/15)              Sewer (visited)
 Temple: D:4-7

Altars:
Xom


Innate Abilities, Weirdness & Mutations

You have a pair of horns on your head.
You reflexively headbutt those who attack you in melee.


Message History

A two-headed ogre is nearby!
A two-headed ogre is nearby!
Found a scroll of identify and a sharpened bronze wand.
A two-headed ogre is nearby!
The two-headed ogre barely misses you. x2
You barely miss the two-headed ogre. You headbutt the two-headed ogre!
The two-headed ogre is moderately wounded.
You closely miss the two-headed ogre.
The two-headed ogre is moderately wounded.
The two-headed ogre completely misses you.
The two-headed ogre hits you with a +0 giant club.
You hit the two-headed ogre but do no damage.
You headbutt the two-headed ogre, but do no damage.
The two-headed ogre is moderately wounded.
You whack the two-headed ogre!
The two-headed ogre is moderately wounded.
The two-headed ogre hits you with a +0 giant club!!
The two-headed ogre hits you with a +0 giant club!
You are too injured to fight recklessly!
You are too injured to fight recklessly!
You are too injured to fight recklessly!
You are too injured to fight recklessly!
You are too injured to fight recklessly!
You are too injured to fight recklessly!
You are too injured to fight recklessly!
Unknown command.
Things that are here:
a +0 halberd; a gnoll corpse
Okay, then.
Okay, then.
Okay, then.
Okay, then.
You feel yourself speed up.
The two-headed ogre attacks as it pursues you!
The two-headed ogre hits you with a +0 giant club!!
* * * LOW HITPOINT WARNING * * *
The two-headed ogre barely misses you.
You see here a +0 ring mail.
The two-headed ogre hits you with a +0 giant club!!
You die...

### ..#
#.##################
#.##.....##........#
#.##.....##........#
#'##.....##........#
.........##.[......#
.................O.#
....####........@..#
....# #....)...####
....# ##....))..##
................>#
.#########.......#
.# #.......# .
#.......# .
#.......# .
#...###.#


You could see a two-headed ogre.

Vanquished Creatures
  Sigmund (D:4)
  A black bear (D:6)
  A crocodile (Sewer)
  A centaur (D:5)
  A brain worm (Sewer)
  2 scorpions (D:5)
  A bombardier beetle (D:4)
  An orc priest (D:4)
  2 hounds
  A gnoll bouda (D:5)
  A jelly (D:5)
  3 iguanas
  An orc wizard (D:5)
  10 gnolls
  3 adders
  A white imp (D:5)
  2 ufetubi (D:5)
  A ribbon worm (D:2)
  4 dart slugs
  5 orcs
  8 ball pythons
  5 endoplasms
  2 giant cockroaches
  4 goblins
  11 jackals
  10 bats
  A frilled lizard (D:2)
  6 kobolds
  2 rats (D:3)
92 creatures vanquished.

Notes
Turn   | Place    | Note
-------+----------+-------------------------------------------
     0 | D:1      | dialectric the Minotaur Fighter began the quest for the
                  | Orb.
     0 | D:1      | Reached XP level 1. HP: 19/19 MP: 0/0
   158 | D:2      | Reached XP level 2. HP: 26/27 MP: 1/1
   218 | D:2      | Reached skill level 1 in Long Blades
   218 | D:2      | Reached skill level 1 in Dodging
   336 | D:2      | Reached XP level 3. HP: 32/33 MP: 2/2
  1044 | D:3      | Reached XP level 4. HP: 32/40 MP: 3/3
  1047 | D:3      | Reached skill level 3 in Maces & Flails
  1721 | D:4      | Found a shimmering altar of Xom.
  1778 | D:4      | Noticed Sigmund
  1789 | D:4      | Killed Sigmund
  1790 | D:4      | Reached skill level 4 in Maces & Flails
  1790 | D:4      | Reached XP level 5. HP: 28/46 MP: 4/4
  1790 | D:4      | Reached XP level 6. HP: 32/52 MP: 5/5
  2131 | D:4      | Reached skill level 5 in Maces & Flails
  2347 | D:5      | Entered Level 5 of the Dungeon
  2362 | D:5      | Reached skill level 1 in Stealth
  2541 | D:5      | Reached skill level 5 in Dodging
  2650 | D:5      | Reached XP level 7. HP: 41/59 MP: 6/6
  2652 | D:5      | Reached skill level 6 in Maces & Flails
  2838 | D:5      | Found a glowing drain.
  2841 | Sewer    | Entered a sewer
  3232 | D:6      | Reached skill level 5 in Armour
  3358 | D:5      | Reached skill level 7 in Maces & Flails
  3550 | D:6      | Reached XP level 8. HP: 44/67 MP: 7/7
  3705 | D:6      | Noticed a two-headed ogre
  3730 | D:6      | Mangled by a two-headed ogre

Illustrated notes

Levels and vault maps discovered:
D:1:      dpeg_arrival_three_same_balls, layout_loops_ring,
          hellmonk_ecumenical_altar_run_dry, minmay_rat_gold_closets
D:2:      layout_loops_ring, grunt_ministairs_15, dk_vineyard_2
D:3:      layout_basic
D:4:      layout_rooms, xom_teletrap_fun, uniq_sigmund
D:5:      layout_rooms, mainiacjoe_sewer_entry_somewhere_in_here_1
D:6:      layout_basic

Skill      XL: |  1  2  3  4  5  6  7 |
---------------+----------------------+-----
Fighting       | 4 |  4.5
Armour         | 4 5 |  5.6
Long Blades    | 1 2 |  2.2
Dodging        | 1 2 4 5 |  5.8
Maces & Flails | 4 5 7 |  7.3
Stealth        | 1 |  1.0
Shields        | |  3.6

Action                     |  1- 3 |  4- 6 |  7- 9 || total
---------------------------+-------+-------+-------++-------
  Melee: Long sword        |    54 |       |       ||    54
         Whip              |    12 |   104 |    87 ||   203
         Headbutt          |    11 |    16 |    20 ||    47
         Punch             |     1 |     1 |     1 ||     3
    Use: Potion            |     1 |       |     2 ||     3
         Scroll            |       |       |     2 ||     2
 Armour: Scale mail        |    53 |    85 |    82 ||   220
  Dodge: Dodged            |    46 |    71 |    65 ||   182
